TOP OF THE 1ST |
Newark Bulldogs batting - Pitching for Intercourse Amish : RHP Harry Robinson
|
Pitching: RHP Harry Robinson
|
|
Batting: LHB Will O'Dell
|
0-0: Ball 1-0: Ball 2-0: Called Strike 2-1: Ball 3-1: Called Strike 3-2: Foul Ball, location: 2F 3-2: Foul Ball, location: 2F 3-2: Foul Ball, location: 2F 3-2: Ground out U3 (Groundball, 34S)
|
Batting: LHB Carl Hayden
|
0-0: Ball 1-0: Ball 2-0: Ball 3-0: Base on Balls
|
Batting: RHB Bill Bourland
|
0-0: Ball 1-0: Called Strike 1-1: Foul Ball, location: 2F 1-2: Foul Ball, location: 2F 1-2: SINGLE (Line Drive, 9LM) Carl Hayden to second
|
Batting: RHB Aaron Washington
|
0-0: Ball 1-0: Fly out, F9 (Flyball, 89D) Runner from 2nd tags up, SAFE at 3rd with throw
|
Batting: RHB Francisco Domínguez
|
0-0: Fly out, F7 (Flyball, 7)
|
Top of the 1st over - 0 runs, 1 hit, 0 errors, 2 left on base; Newark 0 - Intercourse 0 |
BOTTOM OF THE 1ST |
Intercourse Amish batting - Pitching for Newark Bulldogs : RHP Carl Rojas
|
Pitching: RHP Carl Rojas
|
|
Batting: LHB Jesús Raugel
|
0-0: Called Strike 0-1: Called Strike 0-2: Ball 1-2: Ground out 6-3 (Groundball, 56)
|
Batting: RHB Holden Davis
|
0-0: Ball 1-0: Called Strike 1-1: Ball 2-1: Ball 3-1: Swinging Strike 3-2: Strikes out swinging
|
Batting: RHB Júlio Serra
|
0-0: Called Strike 0-1: Ball 1-1: Ball 2-1: Fly out, F9 (Flyball, 89S)
|
Bottom of the 1st over - 0 runs, 0 hits, 0 errors, 0 left on base; Newark 0 - Intercourse 0 |
TOP OF THE 2ND |
Newark Bulldogs batting - Pitching for Intercourse Amish : RHP Harry Robinson
|
Batting: RHB Toshiki Kokawa
|
0-0: Called Strike 0-1: Ball 1-1: Called Strike 1-2: Strikes out looking
|
Batting: RHB José Casillán
|
0-0: Swinging Strike 0-1: Foul Ball, location: 2F 0-2: Ball 1-2: Hit by Pitch
|
Batting: RHB Edgardo Hernández
|
0-0: Fly out, F7 (Flyball, 7)
|
Batting: RHB Noah Sturges
|
0-0: Ball 1-0: Fielders Choice at 2nd, 6-4 (Groundball, 6)
|
Top of the 2nd over - 0 runs, 0 hits, 0 errors, 1 left on base; Newark 0 - Intercourse 0 |
BOTTOM OF THE 2ND |
Intercourse Amish batting - Pitching for Newark Bulldogs : RHP Carl Rojas
|
Batting: RHB Frank Maxwell
|
0-0: Ball 1-0: Ball 2-0: Called Strike 2-1: Ball 3-1: Foul Ball, location: 2F 3-2: Base on Balls
|
Batting: SHB Sean Moody
|
0-0: Ball 1-0: Ball 2-0: Ball 3-0: Called Strike 3-1: Foul Ball, location: 2F 3-2: Foul Ball, location: 2F 3-2: SINGLE (Line Drive, 7LS) Frank Maxwell to second
|
Batting: SHB Conan Hanson
|
0-0: Called Strike 0-1: Called Strike 0-2: Ball 1-2: Ball 2-2: Foul Ball, location: 2F 2-2: Fly out, F9 (Flyball, 9S)
|
Batting: LHB Carlos De La Rosa
|
0-0: Swinging Strike 0-1: Ball 1-1: Ball Wild Pitch! Frank Maxwell to third Sean Moody to second 2-1: Ball 3-1: Swinging Strike 3-2: Foul Ball, location: 2F 3-2: Base on Balls
|
Batting: RHB Juan Ortega
|
0-0: Called Strike 0-1: Ball 1-1: Fielders Choice at 2nd, 3-6 (Groundball, 3) Frank Maxwell scores Sean Moody to third
|
Batting: RHB Curt Wagner
|
0-0: Called Strike 0-1: Ball 1-1: Hit by Pitch Juan Ortega to second
|
Batting: LHB Jesús Raugel
|
0-0: Called Strike 0-1: Ball 1-1: Swinging Strike 1-2: Ball 2-2: Ball 3-2: Fly out, F7 (Flyball, 7S)
|
Bottom of the 2nd over - 1 run, 1 hit, 0 errors, 3 left on base; Newark 0 - Intercourse 1 |
TOP OF THE 3RD |
Newark Bulldogs batting - Pitching for Intercourse Amish : RHP Harry Robinson
|
Batting: LHB Will O'Dell
|
0-0: Called Strike 0-1: Called Strike 0-2: Ball 1-2: Ball 2-2: Ball 3-2: Base on Balls
|
Batting: LHB Carl Hayden
|
0-0: Ball 1-0: Ball 2-0: Ball 3-0: Called Strike 3-1: Base on Balls Will O'Dell to second
|
Batting: RHB Bill Bourland
|
0-0: Called Strike 0-1: Foul Ball, location: 2F 0-2: Foul Ball, location: 2F 0-2: Ball 1-2: Foul Ball, location: 2F 1-2: SINGLE (Groundball, 34D) Will O'Dell to third Carl Hayden to second
|
Batting: RHB Aaron Washington
|
0-0: Foul Ball, location: 2F 0-1: Ball 1-1: Ball 2-1: SINGLE (Flyball, 8LS) Will O'Dell scores Carl Hayden to third Bill Bourland to second
|
Batting: RHB Francisco Domínguez
|
0-0: Ball 1-0: Foul Ball, location: 2F 1-1: Swinging Strike 1-2: Ball 2-2: GRAND SLAM HOME RUN (Line Drive, 7LD), Distance : 366 ft
|
Batting: RHB Toshiki Kokawa
|
0-0: Ground out 4-3 (Groundball, 4)
|
Batting: RHB José Casillán
|
0-0: Called Strike 0-1: Ball 1-1: Ball 2-1: Foul Ball, location: 2F 2-2: Foul Ball, location: 2F 2-2: Fly out, F4 (Line Drive, 4)
|
Batting: RHB Edgardo Hernández
|
0-0: Called Strike 0-1: Foul Ball, location: 2F 0-2: Strikes out swinging
|
Top of the 3rd over - 5 runs, 3 hits, 0 errors, 0 left on base; Newark 5 - Intercourse 1 |
BOTTOM OF THE 3RD |
Intercourse Amish batting - Pitching for Newark Bulldogs : RHP Carl Rojas
|
Batting: RHB Holden Davis
|
0-0: Ball 1-0: Fly out, F5 (Popup, 5S)
|
Batting: RHB Júlio Serra
|
0-0: Ground out 6-3 (Groundball, 6MD)
|
Batting: RHB Frank Maxwell
|
0-0: DOUBLE (Flyball, 89XD)
|
Batting: SHB Sean Moody
|
0-0: Called Strike 0-1: Called Strike 0-2: Ball 1-2: Ball 2-2: Ground out 5-3 (Groundball, 5)
|
Bottom of the 3rd over - 0 runs, 1 hit, 0 errors, 1 left on base; Newark 5 - Intercourse 1 |
TOP OF THE 4TH |
Newark Bulldogs batting - Pitching for Intercourse Amish : RHP Harry Robinson
|
Batting: RHB Noah Sturges
|
0-0: Ball 1-0: Ground out 5-3 (Groundball, 5L)
|
Batting: LHB Will O'Dell
|
0-0: Ball 1-0: Ball 2-0: Ball 3-0: Base on Balls
|
Batting: LHB Carl Hayden
|
0-0: Called Strike 0-1: Ball 1-1: Foul Ball, location: 2F 1-2: Foul Ball, location: 2F 1-2: Fielders Choice at 2nd, 3-6 (Groundball, 3)
|
Batting: RHB Bill Bourland
|
0-0: Ball 1-0: Foul Ball, location: 2F 1-1: Foul Ball, location: 2F 1-2: Ball 2-2: Fly out, F4 (Flyball, 3D)
|
Top of the 4th over - 0 runs, 0 hits, 0 errors, 1 left on base; Newark 5 - Intercourse 1 |
BOTTOM OF THE 4TH |
Intercourse Amish batting - Pitching for Newark Bulldogs : RHP Carl Rojas
|
Batting: SHB Conan Hanson
|
0-0: Called Strike 0-1: Ball 1-1: Ball 2-1: Called Strike 2-2: Ground out 4-3 (Groundball, 4)
|
Batting: LHB Carlos De La Rosa
|
0-0: Ball 1-0: Ball 2-0: Ball 3-0: SINGLE (Groundball, 4D)
|
Batting: RHB Juan Ortega
|
0-0: Called Strike 0-1: Ball Carlos De La Rosa steals 2nd base 1-1: SINGLE (Line Drive, 7S) Carlos De La Rosa to third Runner from 3rd tries for Home, SAFE, no throw
|
Batting: RHB Curt Wagner
|
0-0: Foul Ball, location: 2F 0-1: Ball 1-1: Fly out, F8 (Flyball, 8LD)
|
Batting: LHB Jesús Raugel
|
0-0: Ball 1-0: Called Strike 1-1: Ball 2-1: Ground out U3 (Groundball, 3)
|
Bottom of the 4th over - 1 run, 2 hits, 0 errors, 1 left on base; Newark 5 - Intercourse 2 |
TOP OF THE 5TH |
Newark Bulldogs batting - Pitching for Intercourse Amish : RHP Harry Robinson
|
Pitching: LHP Rodrigo Álvarez
|
|
Batting: RHB Aaron Washington
|
0-0: Swinging Strike 0-1: Ground out 4-3 (Groundball, 4M)
|
Batting: RHB Francisco Domínguez
|
0-0: Ball 1-0: Ball 2-0: Ball 3-0: Base on Balls
|
Batting: RHB Toshiki Kokawa
|
0-0: Called Strike 0-1: Ball 1-1: SINGLE (Groundball, 56D) Francisco Domínguez to second
|
Batting: RHB José Casillán
|
0-0: Fly out, F8 (Flyball, 89M)
|
Batting: RHB Edgardo Hernández
|
0-0: Swinging Strike 0-1: Swinging Strike 0-2: Ball 1-2: Strikes out looking
|
Top of the 5th over - 0 runs, 1 hit, 0 errors, 2 left on base; Newark 5 - Intercourse 2 |
BOTTOM OF THE 5TH |
Intercourse Amish batting - Pitching for Newark Bulldogs : RHP Carl Rojas
|
Batting: RHB Holden Davis
|
0-0: Swinging Strike 0-1: Ball 1-1: Hit by Pitch
|
Batting: RHB Júlio Serra
|
0-0: Ball 1-0: Called Strike 1-1: DOUBLE (Line Drive, 78D) Holden Davis to third Runner from 3rd tries for Home, throw and OUT! Júlio Serra to third
|
Batting: RHB Frank Maxwell
|
0-0: Called Strike 0-1: Ball 1-1: Foul Ball, location: 2F 1-2: Ball 2-2: Foul Ball, location: 2F 2-2: Ball 3-2: Base on Balls
|
Batting: SHB Sean Moody
|
0-0: Ball 1-0: Ball 2-0: Ball 3-0: Called Strike 3-1: Base on Balls Frank Maxwell to second
|
Pitching: LHP Vicente López
|
|
Batting: SHB Conan Hanson
|
0-0: Ball 1-0: Ball 2-0: Called Strike 2-1: Ball 3-1: Swinging Strike 3-2: Foul Ball, location: 2F 3-2: Fly out, F7 (Flyball, 7LMF) Runner from 3rd tags up, SCORES, no throw
|
Batting: LHB Carlos De La Rosa
|
0-0: Ball 1-0: Swinging Strike 1-1: Foul Ball, location: 2F 1-2: SINGLE (Groundball, 4S) (infield hit) Frank Maxwell to third Sean Moody to second
|
Batting: RHB Juan Ortega
|
0-0: Ball 1-0: Fielders Choice at 2nd, 5-4 (Groundball, 5)
|
Bottom of the 5th over - 1 run, 2 hits, 0 errors, 3 left on base; Newark 5 - Intercourse 3 |
TOP OF THE 6TH |
Newark Bulldogs batting - Pitching for Intercourse Amish : LHP Rodrigo Álvarez
|
Batting: RHB Noah Sturges
|
0-0: Ball 1-0: Called Strike 1-1: Ball 2-1: Ground out 5-3 (Groundball, 56S)
|
Batting: LHB Will O'Dell
|
0-0: Called Strike 0-1: SINGLE (Groundball, 4MD)
|
Batting: LHB Carl Hayden
|
0-0: Ball 1-0: Foul Ball, location: 2F 1-1: Called Strike 1-2: Strikes out looking
|
Batting: RHB Bill Bourland
|
0-0: Ball 1-0: Ball 2-0: Ball 3-0: Called Strike 3-1: Base on Balls Will O'Dell to second
|
Batting: RHB Aaron Washington
|
0-0: Ball 1-0: Fielders Choice at 2nd, U4 (Groundball, 4M)
|
Top of the 6th over - 0 runs, 1 hit, 0 errors, 2 left on base; Newark 5 - Intercourse 3 |
BOTTOM OF THE 6TH |
Intercourse Amish batting - Pitching for Newark Bulldogs : LHP Vicente López
|
Batting: RHB Curt Wagner
|
0-0: Ball 1-0: Foul Ball, location: 2F 1-1: Ground out 6-3 (Groundball, 6)
|
Batting: LHB Jesús Raugel
|
0-0: Ball 1-0: Called Strike 1-1: Ball 2-1: SINGLE (Flyball, 8RS)
|
Batting: RHB Holden Davis
|
0-0: Ball 1-0: Swinging Strike 1-1: Ball Wild Pitch! Jesús Raugel to second 2-1: Ball 3-1: Base on Balls
|
Batting: RHB Júlio Serra
|
0-0: Ball 1-0: Ball 2-0: Foul Ball, location: 2F 2-1: Fly out, F9 (Flyball, 9D) Runner from 2nd tags up, SAFE at 3rd, no throw
|
Batting: RHB Frank Maxwell
|
0-0: Called Strike 0-1: Ball 1-1: Ball 2-1: Called Strike 2-2: Ball 3-2: Fly out, F9 (Flyball, 9S)
|
Bottom of the 6th over - 0 runs, 1 hit, 0 errors, 2 left on base; Newark 5 - Intercourse 3 |
TOP OF THE 7TH |
Newark Bulldogs batting - Pitching for Intercourse Amish : LHP Rodrigo Álvarez
|
Batting: RHB Francisco Domínguez
|
0-0: Called Strike 0-1: Called Strike 0-2: Ball 1-2: Ball 2-2: Foul Ball, location: 2F 2-2: Ball 3-2: Foul Ball, location: 2F 3-2: Foul Ball, location: 2F 3-2: Strikes out swinging
|
Batting: RHB Toshiki Kokawa
|
0-0: Swinging Strike 0-1: Fly out, F8 (Flyball, 8LXD)
|
Batting: RHB José Casillán
|
0-0: Called Strike 0-1: Foul Ball, location: 2F 0-2: Strikes out swinging
|
Top of the 7th over - 0 runs, 0 hits, 0 errors, 0 left on base; Newark 5 - Intercourse 3 |
BOTTOM OF THE 7TH |
Intercourse Amish batting - Pitching for Newark Bulldogs : LHP Vicente López
|
Batting: SHB Sean Moody
|
0-0: Foul Ball, location: 2F 0-1: Ball 1-1: Foul Ball, location: 2F 1-2: Ground out 6-3 (Groundball, 6)
|
Batting: SHB Conan Hanson
|
0-0: Ball 1-0: Fly out, F8 (Flyball, 78D)
|
Batting: LHB Carlos De La Rosa
|
0-0: Foul Ball, location: 2F 0-1: Fly out, F5 (Popup, 56)
|
Bottom of the 7th over - 0 runs, 0 hits, 0 errors, 0 left on base; Newark 5 - Intercourse 3 |
TOP OF THE 8TH |
Newark Bulldogs batting - Pitching for Intercourse Amish : LHP Rodrigo Álvarez
|
Batting: RHB Edgardo Hernández
|
0-0: Fly out, F9 (Flyball, 9D)
|
Batting: RHB Noah Sturges
|
0-0: Ball 1-0: Fly out, F9 (Flyball, 9D)
|
Batting: LHB Will O'Dell
|
0-0: Ball 1-0: Foul Ball, location: 2F 1-1: Ball 2-1: Foul Ball, location: 2F 2-2: Ball 3-2: TRIPLE (Line Drive, 8LXD)
|
Batting: LHB Carl Hayden
|
0-0: Called Strike 0-1: Swinging Strike 0-2: Strikes out looking
|
Top of the 8th over - 0 runs, 1 hit, 0 errors, 1 left on base; Newark 5 - Intercourse 3 |
BOTTOM OF THE 8TH |
Intercourse Amish batting - Pitching for Newark Bulldogs : LHP Vicente López
|
Pitching: LHP Kent Smith
|
|
Batting: RHB Juan Ortega
|
0-0: Fly out, F3 (Popup, 3SF)
|
Batting: RHB Curt Wagner
|
0-0: Called Strike 0-1: Ball 1-1: Ball 2-1: Ground out 3-1 (Groundball, 2R)
|
Batting: LHB Jesús Raugel
|
0-0: Ball 1-0: Ball 2-0: Ball 3-0: Called Strike 3-1: Fly out, F8 (Flyball, 8LS)
|
Bottom of the 8th over - 0 runs, 0 hits, 0 errors, 0 left on base; Newark 5 - Intercourse 3 |
TOP OF THE 9TH |
Newark Bulldogs batting - Pitching for Intercourse Amish : LHP Rodrigo Álvarez
|
Batting: RHB Bill Bourland
|
0-0: Ball 1-0: Swinging Strike 1-1: Ball 2-1: Ball 3-1: Fly out, F8 (Flyball, 8LM)
|
Batting: RHB Aaron Washington
|
0-0: Ball 1-0: Ball 2-0: Ball 3-0: Called Strike 3-1: Fly out, F7 (Flyball, 7S)
|
Pitching: RHP José Gonzáles
|
|
Batting: RHB Francisco Domínguez
|
0-0: Called Strike 0-1: Ball 1-1: Ground out 6-3 (Groundball, 6)
|
Top of the 9th over - 0 runs, 0 hits, 0 errors, 0 left on base; Newark 5 - Intercourse 3 |
BOTTOM OF THE 9TH |
Intercourse Amish batting - Pitching for Newark Bulldogs : LHP Kent Smith
|
Batting: RHB Holden Davis
|
0-0: Ball 1-0: Ground out 1-3 (Groundball, 15)
|
Batting: RHB Júlio Serra
|
0-0: Swinging Strike 0-1: Called Strike 0-2: Foul Ball, location: 2F 0-2: Foul Ball, location: 2F 0-2: Strikes out looking
|
Batting: RHB Frank Maxwell
|
0-0: Swinging Strike 0-1: Ball 1-1: Ball 2-1: Swinging Strike 2-2: Foul Ball, location: 2F 2-2: SINGLE (Groundball, 6D)
|
Batting: SHB Sean Moody
|
0-0: Fielders Choice at 2nd, 6-4 (Groundball, 6)
|
Bottom of the 9th over - 0 runs, 1 hit, 0 errors, 1 left on base; Newark 5 - Intercourse 3 |
|